 Dungeon Crawl Stone Soup version 0.20.2-3-g29329e0561 (webtiles) character file.

586 Alfie the Cutter (level 7, -4/60 HPs)
             Began as a Hill Orc Fighter on Dec 29, 2023.
             Slain by an orc warrior
             ... wielding a +0 trident
              (10 damage)
             ... on level 7 of the Dungeon.
             The game lasted 00:07:41 (3153 turns).

Alfie the Cutter (Hill Orc Fighter)                 Turns: 3153, Time: 00:07:42

Health: -4/60      AC:  9    Str: 20 (21) XL:     7   Next: 37%
Magic:  7/7        EV:  8    Int:  6 (8)  God:
Gold:   257        SH:  9    Dex:  7 (10) Spells: 6/6 levels left

rFire    . . .     SeeInvis .   a - +1 rapier
rCold    . . .     Gourm    .   c - +0 shield
rNeg     . . .     Faith    .   b - +0 scale mail
rPois    .         Spirit   .   g - +0 helmet
rElec    .         Reflect  .   (no cloak)
rCorr    .         Harm     .   m - +0 pair of gloves
MR       .....                  (no boots)
Stlth    ..........             (no amulet)
Regen    0.2/turn               (no ring)
MPRegen  0.1/turn               (no ring)

@: no status effects
A: no striking features
a: no special abilities


You were on level 7 of the Dungeon.
You were not hungry.

You visited 1 branch of the dungeon, and saw 5 of its levels.

You collected 257 gold pieces.

Inventory:

Hand Weapons
 a - a +1 rapier (weapon)
Missiles
 w - 8 tomahawks (quivered)
Armour
 b - a +0 scale mail (worn)
 c - a +0 shield (worn)
 g - a +0 helmet (worn)
 m - a +0 pair of gloves (worn)
Jewellery
 e - an uncursed amulet of faith {unknown}
 h - a cursed ring of loudness {unknown}
 j - an uncursed amulet of the gourmand {unknown}
 t - a cursed ring of teleportation {unknown}
Scrolls
 d - a scroll of recharging {unknown}
 f - 3 scrolls of identify {unknown}
 n - 2 scrolls of remove curse {unknown}
 r - 2 scrolls of teleportation {unknown}
Potions
 i - a potion of resistance {unknown}
 l - a potion of brilliance {unknown}
 o - a potion of lignification {unknown}
 s - a potion of heal wounds {unknown}
Books
 v - a book of Ice

   Spells                             Type                      Level
   a - Ice Form                       Ice/Transmutation            4
   b - Metabolic Englaciation         Hexes/Ice                    5
   c - Ozocubu's Refrigeration        Ice                          6
   d - Bolt of Cold                   Conjuration/Ice              6
   e - Freezing Cloud                 Conjuration/Ice/Air          6
   f - Simulacrum                     Ice/Necromancy               6
Comestibles
 p - a bread ration
 x - a meat ration


   Skills:
 + Level 4.9 Fighting
 + Level 5.2 Short Blades
 + Level 4.7 Armour
 + Level 1.7 Dodging
 + Level 0.5 Stealth
 + Level 4.8 Shields


You had 6 spell levels left.
You didn't know any spells.

Dungeon Overview and Level Annotations

Branches:
Dungeon (4/15)
 Temple: D:4-7

Altars:
Elyvilon
Gozag
Uskayaw
Yredelemnul


Message History

You closely miss the orc warrior.
The orc warrior is moderately wounded.
The orc warrior barely misses you.
You hit the orc warrior but do no damage.
The orc warrior is moderately wounded.
You block the orc warrior's attack.
You closely miss the orc warrior.
The orc warrior is moderately wounded.
You block the orc warrior's attack.
You closely miss the orc warrior.
The orc warrior is moderately wounded.
The orc warrior hits you with a trident.
* * * LOW HITPOINT WARNING * * *
You barely miss the orc warrior.
The orc warrior is moderately wounded.
You block the orc warrior's attack.
You closely miss the orc warrior.
The orc warrior is moderately wounded.
The orc warrior hits you with a trident!
You die...

#########
#.......#
#.#####.#
##########.#
#.#
...........#
#@#
##########.#
#o#
#.#####.#
####.......#
........####
........#
######..#
#..# #.o.


You could see an orc warrior.

Vanquished Creatures
  Sigmund (D:4)
  A water moccasin (D:7)
  A scorpion (D:4)
  A hound (D:4)
  An orc wizard (D:4)
  12 adders
  3 worms
  An adder skeleton (D:4)
  2 dart slugs (D:1)
  4 leopard geckos
  3 orcs
  17 giant cockroaches
  7 goblins
  8 hobgoblins
  7 jackals
  6 kobolds
  A quokka (D:7)
  3 ball pythons
  5 bats
  3 frilled lizards
  6 rats
  A spectral orc (D:4)
94 creatures vanquished.

Notes
Turn   | Place    | Note
-------+----------+-------------------------------------------
     0 | D:1      | Alfie the Hill Orc Fighter began the quest for the Orb.
     0 | D:1      | Reached XP level 1. HP: 19/19 MP: 1/1
   134 | D:1      | Reached XP level 2. HP: 27/27 MP: 2/2
   523 | D:1      | Reached XP level 3. HP: 33/33 MP: 3/3
  1054 | D:2      | Reached XP level 4. HP: 40/40 MP: 4/4
  1091 | D:2      | Reached skill level 3 in Short Blades
  1953 | D:3      | Found a hide-covered altar of Uskayaw.
  2026 | D:3      | Reached XP level 5. HP: 46/46 MP: 5/5
  2203 | D:3      | Reached skill level 1 in Dodging
  2385 | D:3      | Found a white marble altar of Elyvilon.
  2610 | D:4      | Reached skill level 4 in Short Blades
  2642 | D:4      | Noticed Sigmund
  2653 | D:4      | Killed Sigmund
  2653 | D:4      | Reached XP level 6. HP: 28/53 MP: 6/6
  2791 | D:4      | Found an opulent altar of Gozag.
  2927 | D:4      | Reached skill level 5 in Short Blades
  2955 | D:4      | Found a basalt altar of Yredelemnul.
  3058 | D:4      | Reached XP level 7. HP: 57/60 MP: 7/7
  3059 | D:4      | You fall through a shaft for 3 floors!
  3153 | D:7      | Slain by an orc warrior

Skill      XL: |  1  2  3  4  5  6 |
---------------+-------------------+-----
Fighting       | 4 |  4.9
Short Blades   | 3 4 5 |  5.2
Armour         | 4 |  4.7
Shields        | 4 |  4.8
Dodging        | 1 |  1.7
Stealth        | |  0.5

Action                   |  1- 3 |  4- 6 |  7- 9 || total
-------------------------+-------+-------+-------++-------
Melee: Rapier            |   120 |   202 |    42 ||   364
  Use: Scroll            |     4 |     1 |       ||     5
       Potion            |       |     1 |     2 ||     3
  Eat: Bread ration      |     1 |       |       ||     1
       Royal jelly       |       |     2 |       ||     2
Armor: Scale mail        |    45 |    81 |    12 ||   138
Dodge: Dodged            |    34 |    55 |     9 ||    98
Block: Shield            |    57 |    97 |    19 ||   173
